AoeStats
← savvas1987

Black Forest

510398285Analyzed
4v4 RM · 12h ago on Sep 30, 2026· 78m 58s· 8 players
Game mode
Random Map
Map size
Large (8 player)
Population
200
Speed
Normal
Resources
Standard
Victory
Conquest
Starting age
Dark Age
Ending age
Imperial Age
RankedLock teamsTeams togetherTeam positionsShared explorationLock speedFull tech treeHidden civsTurbo modeCheats
Victory
Defeat
🇷🇺 Aztecs · Russia
844
+30
🇷🇺 Georgians · Russia
690
+16
🇬🇧 Franks · United Kingdom
632
+33
🇷🇺 Teutons · Russia
586
+32
🇧🇷 Italians · Brazil
727
-18
🇧🇷 Franks · Brazil
689
-16
🇹🇷 Persians · Türkiye
677
-16
🇬🇷 Bohemians · Greece
652
-15
Zhukov
0:32 Loom
17:23 Feudal Age
22:27 Castle Age
26:36 Wheelbarrow
25:47 Town Watch
32:19 Double-Bit Axe
32:37 Gold Mining
40:49 Imperial Age
44:30 Husbandry
43:51 Cavalier
45:58 Bow Saw
48:01 Hand Cart
47:47 Town Patrol
48:18 Paladin
52:15 Chivalry
51:36 Elite Throwing Axeman
52:30 Scale Barding Armor
52:26 Scale Mail Armor
52:36 Forging
52:17 Fletching
52:28 Padded Archer Armor
53:08 Stone Mining
54:36 Chain Barding Armor
54:31 Chain Mail Armor
54:54 Caravan
55:25 Coinage
56:29 Gold Shaft Mining
59:30 Iron Casting
59:26 Plate Mail Armor
59:32 Plate Barding Armor
59:12 Leather Archer Armor
58:53 Bodkin Arrow
60:43 Banking
62:21 Blast Furnace
Lautenaius Maximus
0:30 Loom
12:25 Feudal Age
16:22 Horse Collar
18:58 Castle Age
17:52 Horse Collar
19:17 Double-Bit Axe
21:52 Wheelbarrow
22:57 Stone Mining
24:38 Bow Saw
25:21 Gold Mining
27:04 Heavy Plow
30:10 Fortified Wall
30:22 Ballistics
34:06 Imperial Age
31:53 Fletching
32:52 Hand Cart
33:07 Town Watch
35:51 Chemistry
35:56 Town Patrol
37:44 Two-Man Saw
37:16 Conscription
36:57 Bodkin Arrow
37:03 Murder Holes
38:18 Bracer
38:20 Padded Archer Armor
38:19 Elite Genoese Crossbowman
40:51 Hoardings
60:21 Light Cavalry
61:11 Bloodlines
61:02 Husbandry
savvas1987
16:40 Feudal Age
22:37 Castle Age
34:16 Chemistry
38:45 Imperial Age
44:32 Elite Hussite Wagon
demirovsky
1:05 Loom
13:44 Feudal Age
15:46 Double-Bit Axe
19:10 Castle Age
18:12 Gold Mining
18:05 Horse Collar
19:12 Stone Mining
20:08 Wheelbarrow
19:50 Bow Saw
20:22 Heavy Plow
28:59 Gold Shaft Mining
29:06 Stone Shaft Mining
33:58 Imperial Age
32:07 Murder Holes
33:43 Hand Cart
33:15 Town Watch
34:09 Caravan
36:05 Chemistry
38:02 Two-Man Saw
37:52 Conscription
39:22 Town Patrol
40:27 Elite War Elephant
40:55 Heavy Scorpion
41:36 Guard Tower
43:54 Onager
47:51 Ballistics
47:21 Heated Shot
47:42 Masonry
53:23 Architecture
Isya
11:28 Feudal Age
18:52 Castle Age
25:20 Wheelbarrow
30:05 Caravan
33:16 Forging
34:32 Husbandry
35:18 Iron Casting
38:36 Imperial Age
36:16 Scale Barding Armor
37:50 Hand Cart
38:44 Cavalier
39:16 Gambesons
39:32 Squires
38:56 Man-at-Arms
41:01 Blast Furnace
41:17 Scale Mail Armor
43:00 Chain Barding Armor
43:03 Conscription
42:46 Chivalry
42:14 Long Swordsman
42:59 Two-Handed Swordsman
43:39 Paladin
44:25 Champion
44:51 Arson
44:57 Arson
45:31 Pikeman
46:47 Halberdier
48:16 Herbal Medicine
62:34 Plate Barding Armor
62:14 Chain Mail Armor
72:57 Plate Mail Armor
Milezhik
11:07 Feudal Age
13:03 Wheelbarrow
12:29 Horse Collar
13:31 Double-Bit Axe
13:30 Man-at-Arms
14:06 Arson
14:35 Forging
14:30 Gold Mining
14:15 Man-at-Arms
21:36 Castle Age
20:40 Stone Mining
21:04 Scale Mail Armor
21:56 Eagle Warrior
24:28 Caravan
26:22 Wheelbarrow
25:35 Loom
26:41 Coinage
28:01 Iron Casting
27:41 Chain Mail Armor
28:01 Hand Cart
27:49 Heavy Plow
30:31 Squires
30:18 Gambesons
34:21 Imperial Age
33:04 Padded Archer Armor
34:22 Capped Ram
34:51 Elite Eagle Warrior
36:16 Gold Shaft Mining
36:15 Conscription
36:21 Conscription
37:08 Blast Furnace
37:15 Banking
37:45 Siege Ram
40:19 Elite Skirmisher
40:28 Long Swordsman
40:29 Pikeman
40:32 Crossbowman
43:03 Plate Mail Armor
42:24 Fletching
42:19 Two-Handed Swordsman
43:09 Arbalester
46:51 Crop Rotation
46:21 Elite Jaguar Warrior
46:56 Town Watch
49:01 Bodkin Arrow
49:21 Leather Archer Armor
48:39 Champion
50:59 Bracer
54:06 Garland Wars
62:09 Stone Shaft Mining
61:40 Atlatl
Cybertyank
9:08 Loom
16:05 Feudal Age
18:24 Wheelbarrow
21:09 Double-Bit Axe
22:41 Man-at-Arms
23:26 Horse Collar
26:55 Forging
26:46 Scale Mail Armor
29:38 Castle Age
28:59 Gold Mining
28:59 Stone Mining
30:05 Stone Mining
31:23 Iron Casting
31:03 Chain Mail Armor
30:38 Gambesons
30:13 Long Swordsman
32:29 Coinage
33:19 Stone Shaft Mining
33:10 Bow Saw
33:02 Heavy Plow
33:22 Hand Cart
33:32 Caravan
35:20 Squires
37:10 Masonry
37:11 Fortified Wall
37:19 Heated Shot
39:28 Guard Tower
49:15 Imperial Age
51:31 Chemistry
51:07 Keep
50:21 Arrowslits
50:21 Elite Teutonic Knight
52:27 Crop Rotation
54:01 Blast Furnace
53:31 Plate Mail Armor
60:04 Ballistics
77:30 Bloodlines
76:41 Cavalier
78:41 Banking
78:22 Guilds
78:30 Guilds
Kopcap
5:24 Loom
11:49 Feudal Age
12:55 Double-Bit Axe
19:12 Castle Age
22:56 Horse Collar
24:03 Wheelbarrow
26:00 Heavy Plow
29:05 Bow Saw
35:24 Imperial Age
33:11 Hand Cart
32:46 Town Watch
33:08 Gold Mining
33:28 Husbandry
33:38 Bloodlines
33:40 Scale Barding Armor
35:32 Stone Mining
36:34 Conscription
36:02 Elite Monaspa
38:09 Chain Barding Armor
38:00 Forging
37:51 Scale Mail Armor
37:17 Cavalier
40:29 Iron Casting
40:30 Plate Barding Armor
42:44 Blast Furnace
42:00 Chain Mail Armor
45:26 Guilds
51:57 Caravan
52:59 Light Cavalry
62:45 Hussar
Connection lost

Rejoining the realm…

Still unreachable

The connection could not be restored.

Session expired

The server has moved on; the page needs a fresh start.